 Dungeon Crawl Stone Soup version 0.31-a0-981-geadf994542 (webtiles) character file.

Game seed: 14043747399267801208

15190 Firecrotchwizard the Grappler (level 11, 0/109 HPs)
             Began as a Troll Shapeshifter on Nov 2, 2023.
             Was an Elder of Wu Jian.
             Slain by a 12-headed hydra (1 damage)
             ... on level 8 of the Dungeon.
             The game lasted 00:31:10 (10307 turns).

Firecrotchwizard the Grappler (Troll Shapeshifter) Turns: 10307, Time: 00:31:10

Health: 0/109      AC:  8    Str: 24    XL:     11   Next: 98%
Magic:  0/10       EV: 14    Int:  6    God:    Wu Jian [****..]
Gold:   648        SH:  0    Dex: 13    Spells: 10/10 levels left

rFire   . .          .
                       - Unarmed
rCold   . . .        J - melded +0 kite shield
rNeg    . . .        B - +0 acid dragon scales
rPois   .            (helmet restricted)
rElec   .            (no cloak)
rCorr   +            (gloves unavailable)
SInv    +            (boots unavailable)
Will    .....        o - amulet of guardian spirit
Stlth   +            q - ring of see invisible
HPRegen 1.18/turn    v - +5 ring of evasion
MPRegen 0.12/turn

%: guardian spirit
@: flux-form, glowing
A: glow, contaminating, large, unfitting armour, claws 3, regeneration 1, shaggy
fur 1, tough skin 1
a: Begin Untransformation, Renounce Religion, Wall Jump, Serpent's Lash


You were on level 8 of the Dungeon.
You worshipped Wu Jian.
Wu Jian was greatly pleased with you.
You were something dangerously unstable.
You visited 2 branches of the dungeon, and saw 11 of its levels.
You also visited: Gauntlet.

You collected 648 gold pieces.

Inventory:

Missiles
 p - 5 large rocks
Armour
 a - a +0 animal skin
 l - a +2 robe of resistance
 y - a +0 cloak
 B - +0 acid dragon scales (worn)
 J - a +0 kite shield (melded)
Jewellery
 h - a ring of positive energy
 n - an amulet of magic regeneration
 o - an amulet of guardian spirit (around neck)
 q - a ring of see invisible (left claw)
 r - a ring of poison resistance
 v - a +5 ring of evasion (right claw)
Talismans
 c - a beast talisman
 d - a flux talisman (active)
 j - a serpent talisman
Wands
 z - a wand of flame (26)
 G - a wand of paralysis (2)
 N - a wand of digging (4)
Scrolls
 f - a scroll of fog
 i - 8 scrolls of identify
 t - 5 scrolls of teleportation
 w - a scroll of enchant weapon
 A - a scroll of butterflies
 D - 2 scrolls of immolation
 E - 2 scrolls of silence
 F - a scroll of fear
 L - a scroll of poison
 M - a scroll of revelation
Potions
 b - 5 potions of lignification
 e - 6 potions of enlightenment
 k - 4 potions of curing
 m - a potion of might {unknown}
 s - 2 potions of berserk rage
 u - a potion of attraction {unknown}
 x - 2 potions of heal wounds
 C - a potion of brilliance {unknown}
 H - 2 potions of mutation {unknown}
 I - a potion of magic {unknown}
 K - a potion of ambrosia {unknown}


   Skills:
 - Level 7.3 Fighting
 - Level 1.9 Dodging
 + Level 8.4 Shields
 - Level 12.5 Unarmed Combat
 - Level 8.6 Shapeshifting


You had 10 spell levels left.
You didn't know any spells.
Your spell library contained the following spells:

 Spells                   Type           Power      Damage    Failure   Level
 Apportation              Tloc           0%         N/A       54%         1
 Kiss of Death            Conj/Necr      0%         2d5       54%         1
 Magic Dart               Conj           0%         1d3       54%         1
 Necrotise                Necr           0%         1d4       54%         1
 Slow                     Hex            0%         N/A       54%         1
 Summon Small Mammal      Summ           0%         N/A       54%         1
 Call Imp                 Summ           0%         N/A       67%         2
 Call Canine Familiar     Summ           0%         N/A       88%         3
 Confusing Touch          Hex            0%         N/A       88%         3
 Dazzling Flash           Conj/Hex       0%         N/A       88%         3
 Mephitic Cloud           Conj/Pois/Air  0%         N/A       88%         3
 Sigil of Binding         Hex            0%         N/A       88%         3
 Summon Guardian Golem    Hex/Summ       0%         N/A       88%         3
 Tukima's Dance           Hex            0%         N/A       88%         3
 Vampiric Draining        Necr           0%         2d6       88%         3
 Dispel Undead            Necr           0%         3d6       99%         4
 Passage of Golubria      Tloc           0%         N/A       99%         4
 Agony                    Necr           0%         N/A       100%        5
 Silence                  Hex/Air        0%         N/A       100%        5
 Yara's Violent Unravell  Hex/Tmut       0%         3d3       100%        5


Dungeon Overview and Level Annotations

Branches:
Dungeon (10/15)            Temple (0/1) D:6            Lair (1/5) D:9
    Orc (0/2) D:9         Gauntlet (visited)

Altars:
Ashenzari
Cheibriados
Dithmenos
Elyvilon
Fedhas
Gozag
Hepliaklqana
Kikubaaqudgha
Nemelex Xobeh
Okawaru
Sif Muna
Uskayaw
Vehumet
Wu Jian
Yredelemnul
Zin

Shops:
D:9 [


Innate Abilities, Weirdness & Mutations

You are something dangerously unstable.
You glow with magical radiation, making you easy to see and hit.
Foes you strike become dangerously contaminated with magical radiation.
You are incapable of wielding weapons or throwing items.
You are too large for most types of armour.
You have claws for hands.
Your natural rate of healing is unusually fast.
You are covered in fur. (AC +1)
You have tough skin. (AC +1)


Message History

There is a stone staircase leading down here.
You start resting.
Magic restored.
You start resting.
HP restored.
You begin transforming.
You continue transforming. x3
Your transformation has ended.
You turn into something dangerously unstable.
Your +0 kite shield melds into your body.
You climb downwards.
There is a stone staircase leading up here.
Okay, then.
The seven-headed hydra completely misses you.
The seven-headed hydra misses you. The seven-headed hydra bites you. x2
The seven-headed hydra barely misses you.
The seven-headed hydra bites you but does no damage.
The seven-headed hydra bites you.
You climb upwards.
There is a stone staircase leading down here.
You tear one of the seven-headed hydra's heads off!
The six-headed hydra grows two more!
You claw the eight-headed hydra!
The eight-headed hydra begins to glow.
The eight-headed hydra is lightly wounded.
The eight-headed hydra bites you.
The eight-headed hydra closely misses you.
The eight-headed hydra bites you but does no damage. x2
The eight-headed hydra closely misses you.
The eight-headed hydra bites you but does no damage. x2
The eight-headed hydra closely misses you.
You claw one of the eight-headed hydra's heads off!
The seven-headed hydra grows two more!
You mangle the nine-headed hydra!!
The nine-headed hydra glows dangerously bright.
The nine-headed hydra is moderately wounded.
The nine-headed hydra bites you! x2
The nine-headed hydra bites you but does no damage.
The nine-headed hydra misses you. The nine-headed hydra bites you. x2
The nine-headed hydra barely misses you.
The nine-headed hydra bites you but does no damage.
The nine-headed hydra closely misses you.
You claw one of the nine-headed hydra's heads off!
The eight-headed hydra grows two more!
You claw the ten-headed hydra!
The ten-headed hydra shudders as magic cascades through it!!
The ten-headed hydra twists and deforms.
The ten-headed hydra is heavily wounded.
You claw one of the ten-headed hydra's heads off!
The nine-headed hydra grows two more!
You scratch the 11-headed hydra.
The 11-headed hydra begins to glow.
The 11-headed hydra is moderately wounded.
The 11-headed hydra bites you!
The 11-headed hydra bites you but does no damage.
The 11-headed hydra bites you. The 11-headed hydra misses you.
The 11-headed hydra closely misses you.
The 11-headed hydra bites you but does no damage.
The 11-headed hydra bites you. The 11-headed hydra barely misses you.
The 11-headed hydra closely misses you. The 11-headed hydra bites you.
The 11-headed hydra bites you but does no damage.
You rip one of the 11-headed hydra's heads off!
The ten-headed hydra grows two more!
You claw the 12-headed hydra!
The 12-headed hydra glows dangerously bright.
The 12-headed hydra is moderately wounded.
The 12-headed hydra bites you. The 12-headed hydra barely misses you.
The 12-headed hydra bites you!
* * * LOW HITPOINT WARNING * * *
The 12-headed hydra bites you!
* * * LOW MAGIC WARNING * * *
* * * LOW HITPOINT WARNING * * *
The 12-headed hydra bites you!
* * * LOW MAGIC WARNING * * *
* * * LOW HITPOINT WARNING * * *
The 12-headed hydra closely misses you. The 12-headed hydra bites you.
* * * LOW HITPOINT WARNING * * *
The 12-headed hydra bites you.
* * * LOW MAGIC WARNING * * *
* * * LOW HITPOINT WARNING * * *
The 12-headed hydra barely misses you. The 12-headed hydra bites you!
* * * LOW MAGIC WARNING * * *
* * * LOW HITPOINT WARNING * * *
The 12-headed hydra bites you but does no damage.
The 12-headed hydra misses you.
You scratch the 12-headed hydra but do no damage.
The 12-headed hydra shudders as magic cascades through it!!
The 12-headed hydra twists and deforms.
The 12-headed hydra is heavily wounded.
The 12-headed hydra bites you.
* * * LOW HITPOINT WARNING * * *
The 12-headed hydra misses you. The 12-headed hydra closely misses you.
The 12-headed hydra bites you.
* * * LOW HITPOINT WARNING * * *
The 12-headed hydra bites you.
* * * LOW HITPOINT WARNING * * *
The 12-headed hydra closely misses you. The 12-headed hydra bites you.
* * * LOW HITPOINT WARNING * * *
The 12-headed hydra bites you but does no damage.
The 12-headed hydra bites you!
* * * LOW MAGIC WARNING * * *
* * * LOW HITPOINT WARNING * * *
The 12-headed hydra bites you.
* * * LOW HITPOINT WARNING * * *
The 12-headed hydra bites you.
You die...

#.#.# #.# #.####. #.#.#
#.# #.# #.
#.#.######.######.####.
##............)......###
#.......###...).........
#.#####.# ######.###.##.
#.# #.### #.# #.##. #.#
#...# #.# #.### #.#
#p#.# #.# #.#
#.#####D#.# #.# #.#
#.......#.# #.# #.#
#########.# #.# #.# #.#
##.###.###
#.#####...##....
#.............[.
#######...######
##........


You could see a 12-headed hydra (misshapen).

Vanquished Creatures
  2 death yaks
  Amaemon (D:8)
  A manticore (Lair:1)
  A black mamba (Lair:1)
  An orange demon (D:9)
  A cane toad (Lair:1)
  A kobold demonologist (D:10)
  2 komodo dragons (Lair:1)
  A troll (D:10)
  2 hornets (D:9)
  Grinder (D:3)
  5 blink frogs (Lair:1)
  Sigmund (D:2)
  A shadow (D:9)
  A wyvern (D:9)
  A wraith (D:10)
  18 yaks
  3 vampire mosquitoes (D:7)
  A steam dragon (D:10)
  Menkaure (D:6)
  3 acid dragons
  5 water moccasins
  2 sky beasts (D:7)
  5 orc warriors
  An ice beast (D:5)
  3 black bears
  An ogre (D:5)
  6 wolves (Lair:1)
  A centaur (D:9)
  A phantom (D:4)
  8 bullfrogs
  2 gnoll sergeants
  A scorpion (D:6)
  8 wights
  20 killer bees
  2 howler monkeys (D:9)
  6 orc priests
  A gnoll bouda (D:10)
  2 jellies
  3 hounds
  Jessica (D:2)
  8 iguanas
  2 sleepcaps
  6 orc wizards
  5 hell rats (Lair:1)
  5 adders
  21 gnolls
  2 shadow imps
  A white imp (D:6)
  6 ufetubi
  A worm (D:3)
  2 dart slugs
  24 orcs
  6 ball pythons
  3 bats (D:1)
  5 endoplasms
  3 giant cockroaches
  6 hobgoblins
  8 jackals
  5 quokkas
  4 frilled lizards
  8 goblins
  5 kobolds
  3 rats
267 creatures vanquished.

Notes
Turn   | Place    | Note
-------+----------+-------------------------------------------
     0 | D:1      | Firecrotchwizard the Troll Shapeshifter began the quest for
                  | the Orb.
     0 | D:1      | Reached XP level 1. HP: 18/18 MP: 0/0
    71 | D:1      | Reached skill level 1 in Fighting
    75 | D:1      | Reached XP level 2. HP: 27/27 MP: 1/1
   105 | D:1      | Reached XP level 3. HP: 33/33 MP: 2/2
   505 | D:2      | Noticed Sigmund
   512 | D:2      | Killed Sigmund
   513 | D:2      | Reached skill level 4 in Unarmed Combat
   513 | D:2      | Reached XP level 4. HP: 26/42 MP: 3/3
   513 | D:2      | Reached XP level 5. HP: 30/49 MP: 4/4
   545 | D:2      | Found a broken altar of Ashenzari.
   657 | D:2      | Reached skill level 5 in Unarmed Combat
   740 | D:2      | Noticed Jessica
   750 | D:2      | Killed Jessica
  1229 | D:3      | Noticed Grinder
  1256 | D:3      | Paralysed by Grinder for 3 turns
  1260 | D:3      | Killed Grinder
  1261 | D:3      | Reached XP level 6. HP: 53/59 MP: 2/5
  1467 | D:3      | Found an ornate altar of the Wu Jian Council.
  1507 | D:3      | Became a worshipper of the Wu Jian Council
  1714 | D:4      | Reached skill level 6 in Unarmed Combat
  1714 | D:4      | Reached XP level 7. HP: 64/67 MP: 4/6
  1818 | D:4      | Reached * piety under Wu Jian
  2220 | D:5      | Entered Level 5 of the Dungeon
  2388 | D:5      | Reached skill level 5 in Shapeshifting
  2743 | D:5      | Reached skill level 7 in Unarmed Combat
  2806 | D:5      | Reached XP level 8. HP: 68/78 MP: 5/7
  3031 | D:6      | Reached ** piety under Wu Jian
  3067 | D:6      | Reached skill level 8 in Unarmed Combat
  3348 | D:6      | Found an iron altar of Okawaru.
  3574 | D:6      | Noticed Menkaure
  3587 | D:6      | Killed Menkaure
  3671 | D:6      | Found a staircase to the Ecumenical Temple.
  3898 | D:6      | Found a broken altar of Ashenzari.
  4220 | D:7      | Reached XP level 9. HP: 71/87 MP: 6/8
  4223 | D:7      | Reached skill level 9 in Unarmed Combat
  4497 | D:7      | Reached skill level 5 in Fighting
  4860 | D:7      | Found a snail-covered altar of Cheibriados.
  4954 | D:7      | Found a hazy altar of Hepliaklqana.
  5042 | D:7      | Reached skill level 10 in Unarmed Combat
  5650 | D:7      | Reached *** piety under Wu Jian
  5779 | D:8      | Reached XP level 10. HP: 58/98 MP: 6/9
  6004 | D:8      | Found a shadowy altar of Dithmenos.
  6052 | D:8      | Found an opulent altar of Gozag.
  6058 | D:8      | Reached skill level 11 in Unarmed Combat
  6435 | D:9      | Identified the "Bycolay"
  6478 | D:9      | Noticed a death yak
  6920 | D:9      | Found a staircase to the Lair.
  6920 | D:9      | Noticed a death yak
  6942 | D:9      | Killed a death yak
  6984 | D:9      | Noticed a death yak
  6984 | D:9      | Noticed a death yak
  6996 | D:9      | Noticed a death yak
  7041 | D:8      | Killed a death yak
  7042 | D:8      | Reached skill level 12 in Unarmed Combat
  7123 | D:9      | Noticed Amaemon
  7137 | D:8      | Killed Amaemon
  7187 | D:9      | Noticed an orange demon
  7192 | D:9      | Killed an orange demon
  7220 | D:9      | Found Qeompax's Armour Shop.
  7220 | D:9      | Found a staircase to the Orcish Mines.
  7221 | D:9      | Identified the +2 leather armour of the Journeyman {Dex+3}
  7262 | D:9      | Reached XP level 11. HP: 109/109 MP: 10/10
  7424 | D:9      | Found an ancient bone altar of Kikubaaqudgha.
  7428 | D:9      | Found a shimmering blue altar of Sif Muna.
  7430 | D:9      | Found a radiant altar of Vehumet.
  7459 | D:9      | Found a sparkling altar of Nemelex Xobeh.
  7639 | D:9      | Reached **** piety under Wu Jian
  7718 | D:9      | Found a white marble altar of Elyvilon.
  7718 | D:9      | Found a blossoming altar of Fedhas.
  7720 | D:9      | Found a hide-covered altar of Uskayaw.
  7729 | D:9      | Found a glowing silver altar of Zin.
  8020 | D:10     | Entered Level 10 of the Dungeon
  8284 | D:10     | Found a basalt altar of Yredelemnul.
  8313 | D:10     | Reached skill level 1 in Shields
  8982 | D:11     | Identified the "Sucwuw"
  8982 | D:14     | Identified the "Leotzev"
  8982 | Lair:1   | Entered Level 1 of the Lair of Beasts
  9072 | Lair:1   | Reached skill level 5 in Shields
  9363 | Lair:1   | Found a gate leading to a gauntlet.
  9437 | Gauntlet | Entered a Gauntlet
  9437 | Gauntlet | Found a transporter.
  9455 | Gauntlet | Found a transporter.
  9470 | Gauntlet | Found a transporter.
  9475 | Gauntlet | Found a transporter.
  9490 | Gauntlet | Found a transporter.
  9509 | Gauntlet | Found a transporter.
  9521 | Gauntlet | Found a transporter.
  9521 | Gauntlet | Noticed a dire elephant
  9527 | Gauntlet | Found a transporter.
  9542 | Gauntlet | Found a transporter.
  9542 | Gauntlet | Noticed an orange crystal statue
  9550 | Gauntlet | Found a large runed translucent door.
  9550 | Gauntlet | Noticed a ghost crab
  9551 | Gauntlet | Found a large runed translucent door.
  9552 | Gauntlet | Found a large runed translucent door.
  9552 | Gauntlet | Found a large runed translucent door.
  9553 | Gauntlet | Found a runed translucent gate.
  9554 | Gauntlet | Found a transporter.
  9554 | Gauntlet | Found a runed translucent gate.
  9555 | Gauntlet | Found a runed translucent gate.
  9555 | Gauntlet | Found the +9 staff of Olgreb {rPois∞}
  9556 | Gauntlet | Found a large runed translucent door.
  9556 | Gauntlet | Found a large runed translucent door.
  9557 | Gauntlet | Found a large runed translucent door.
  9558 | Gauntlet | Found a large runed translucent door.
  9563 | Gauntlet | Found a transporter.
  9585 | Gauntlet | Found a transporter.
  9596 | Gauntlet | Found a large runed translucent door.
  9597 | Gauntlet | Found a large runed translucent door.
  9598 | Gauntlet | Found a large runed translucent door.
  9598 | Gauntlet | Found a large runed translucent door.
  9599 | Gauntlet | Found a runed translucent door.
  9600 | Gauntlet | Found a transporter.
  9601 | Gauntlet | Found a runed translucent door.
  9602 | Gauntlet | Found a large runed translucent door.
  9602 | Gauntlet | Found a large runed translucent door.
  9602 | Gauntlet | Found a transporter.
  9603 | Gauntlet | Found a large runed translucent door.
  9604 | Gauntlet | Found a large runed translucent door.
  9604 | Gauntlet | Noticed an arcanist
  9717 | Lair:1   | Noticed a five-headed hydra
 10307 | D:8      | HP: 5/109 [12-headed hydra (7)]
 10307 | D:8      | HP: 1/109 [12-headed hydra (4)]
 10307 | D:8      | Slain by a 12-headed hydra

Illustrated notes

Levels and vault maps discovered:
D:1:      ebering_hopf_link, layout_rooms
D:2:      layout_loops_ring, basic_altar, uniq_sigmund, uniq_jessica
D:3:      layout_basic, mainiacjoe_overflow_alcove_4, uniq_grinder
D:4:      kennysheep_the_goblin_king, layout_loops_ring
D:5:      layout_basic
D:6:      layout_basic, overflow_temple_1_default, nicolae_ashenzari_skybound,
          minmay_temple_entry_antechambers, grunt_ministairs_8,
          kennysheep_generic_room_9, uniq_menkaure
D:7:      layout_layer_cave, mainiacjoe_overflow_catch_the_wave
D:8:      layout_loops_ring, grunt_gozag_statues,
          mainiacjoe_overflow_surrounded_room
D:9:      layout_loops_ring, grunt_temple_overflow_magic_moments,
          nicolae_overflow_quartered_altars, nemelex_xobeh_ov_fountains_minmay,
          dpeg_lair_monsters, orc_david_3, uniq_amaemon
D:10:     layout_gridville, mainiacjoe_overflow_six_doors_small,
          roderic_lattice_a
Lair:1:   layout_misc_corridors, gauntlet_entry_generic,
          pdpol_lair_cavern_descent, grunt_megastairs_3, lemuel_fruit_tree

Skill      XL: |  1  2  3  4  5  6  7  8  9 10 11 |
---------------+----------------------------------+-----
Fighting       | 1 2 3 4 6 7 |  7.3
Unarmed Combat | 4 5 6 7 8 10 12 | 12.5
Shapeshifting  | 4 5 6 7 8 |  8.6
Shields        | 8 |  8.4
Dodging        | |  1.9

Action                     |  1- 3 |  4- 6 |  7- 9 | 10-12 || total
---------------------------+-------+-------+-------+-------++-------
  Melee: Unarmed           |    62 |    55 |   259 |   374 ||   750
         Punch             |       |     1 |    12 |    12 ||    25
  Throw: Large rock        |     2 |       |       |       ||     2
 Invoke: Serpent's Lash    |       |       |       |     1 ||     1
Ability: Lunge             |       |     3 |    21 |    23 ||    47
         Whirlwind         |       |       |    47 |    57 ||   104
         Wall Jump         |       |       |     3 |     2 ||     5
  Evoke: Wand              |       |       |       |     2 ||     2
    Use: Scroll            |       |       |    12 |     8 ||    20
   Stab: Sleeping          |     1 |       |       |       ||     1
 Armour: Animal skin       |    36 |    38 |    40 |       ||   114
         Robe              |       |       |    89 |    10 ||    99
         Acid dragon scale |       |       |       |   225 ||   225
  Dodge: Dodged            |    28 |    14 |   134 |   177 ||   353
  Block: Kite shield       |       |       |       |    82 ||    82
   Form: Flux              |       |       |       |     1 ||     1

Table legend: (Time is in decaauts)
 A = Elapsed time spent in this place.
 B = Non-inter-level travel time spent in this place.
 C = Inter-level travel time spent in this place.
 D = Time resting spent in this place.
 E = Time spent auto-exploring this place.
 F = Levels seen in this place.
 G = Mean time per level.
                   A        B        C        D        E       F      G
               +--------+--------+--------+--------+--------+-----+--------+
         Total |  10248 |   9947 |    301 |   1761 |   6508 |  12 |  854.0 |
       Dungeon |   9031 |   8730 |    301 |   1230 |   6111 |  10 |  903.1 |
          Lair |   1017 |   1017 |      0 |    531 |    260 |   1 | 1017.0 |
      Gauntlet |    199 |    199 |      0 |      0 |    137 |   1 |  199.0 |
               +--------+--------+--------+--------+--------+-----+--------+

Top non-repeatable levels by time:
     D:7: 1589 daAuts
     D:9: 1467 daAuts
     D:6: 1261 daAuts
  Lair:1: 1017 daAuts
    D:10: 955 daAuts
     D:8: 902 daAuts
     D:2: 708 daAuts
     D:4: 636 daAuts
     D:5: 627 daAuts
     D:3: 547 daAuts
     D:1: 335 daAuts
Gauntlet: 199 daAuts
